 Dungeon Crawl Stone Soup version 0.27.1-1-g398f81649c (webtiles) character file.

Game seed: 6378471982470725440

600 ZARRMARR the Cutter (level 7, 0/73 HPs)
             Began as an Octopode Berserker on Sept 9, 2021.
             Was a Priest of Trog.
             Succumbed to a killer bee's poison
             ... on level 5 of the Dungeon.
             The game lasted 00:11:11 (4387 turns).

ZARRMARR the Cutter (Octopode Berserker)            Turns: 4387, Time: 00:11:11

Health: 0/73       AC:  1    Str: 17    XL:     7   Next: 41%
Magic:  4/7        EV: 14    Int: 11    God:    Trog [***...]
Gold:   207        SH:  4    Dex: 11    Spells: 6/6 levels left

rFire    + . .     SeeInvis .   a - +0 short sword
rCold    . . .     Faith    .   o - +0 buckler
rNeg     + . .     Spirit   +   (helmet restricted)
rPois    .         Reflect  .   f - amulet of guardian spirit
rElec    .         Harm     .   i - ring of protection from fire
rCorr    .         Rampage  .   n - ring of positive energy
Will     .....                  (no ring)
Stlth    ..........             (no ring)
HPRegen  0.22/turn              (no ring)
MPRegen  0.10/turn              (no ring)
                                (no ring)
                                (no ring)

@: berserking (expiring), lethally poisoned (0 -> -10), very quick
A: almost no armour, amphibious, 8 rings, camouflage 1, gelatinous body 1,
(nimble swimmer 1), tentacles
a: Renounce Religion, Berserk, Trog's Hand


You were on level 5 of the Dungeon.
You worshipped Trog.
Trog was most pleased with you.
You visited 1 branch of the dungeon, and saw 5 of its levels.

You collected 207 gold pieces.

Inventory:

Hand Weapons
 a - a +0 short sword (weapon)
Missiles
 e - 8 boomerangs (quivered)
Armour
 o - a +0 buckler (worn)
Jewellery
 f - an amulet of guardian spirit (around mantle)
 i - a ring of protection from fire (left tentacle)
 n - a ring of positive energy (right tentacle)
Scrolls
 b - a scroll of amnesia
 c - 2 scrolls of fog
 h - a scroll of teleportation
 k - a scroll of enchant weapon
 p - a scroll of identify
Potions
 d - 8 potions of curing {unknown}
 g - a potion of mutation {unknown}
 j - 3 potions of cancellation {unknown}
 l - a potion of might {unknown}
 m - a potion of magic {unknown}


   Skills:
 + Level 4.7 Fighting
 + Level 4.8 Short Blades
 + Level 4.7 Dodging
 + Level 4.8 Stealth
 * Level 1.9 Shields


You had 6 spell levels left.
You didn't know any spells.
Your spell library contained the following spells:

 Spells                   Type           Power      Damage    Failure   Level
 Blink                    Tloc           N/A        N/A       56%         2
 Ensorcelled Hibernation  Hex/Ice        0%         N/A       56%         2
 Dazzling Flash           Conj/Hex       0%         N/A       80%         3
 Lesser Beckoning         Tloc           0%         N/A       80%         3
 Spider Form              Tmut/Pois      0%         N/A       80%         3
 Agony                    Necr           0%         N/A       100%        5
 Manifold Assault         Tloc           0%         N/A       100%        5
 Silence                  Hex/Air        0%         N/A       100%        5
 Shadow Creatures         Summ           N/A        N/A       100%        6


Dungeon Overview and Level Annotations

Branches:
Dungeon (5/15)
 Temple: D:4-7

Altars:
Ashenzari
Hepliaklqana
Qazlal
Sif Muna
Trog
Uskayaw

Shops:
D:3 :

Portals:
Abyss: D:4

Annotations:
D:4 2 transporters, nxtlvl's ghost, amateur DrBe


Innate Abilities, Weirdness & Mutations

You cannot wear most types of armour.
You are amphibious.
You can wear up to eight rings at the same time.
Your skin changes colour to match your surroundings (Stealth+).
Your rubbery body absorbs attacks. (AC +1, EV +1)
((You are camouflaged near water. (Stealth+)))
You have tentacles for arms and can constrict up to eight enemies at once.


Message History

You feel sick. The killer bee stings you.
You miss the killer bee. Your grab misses the killer bee.
Your squeeze misses the killer bee.
The killer bee is severely wounded.
You feel sick. The killer bee closely misses you.
You miss the killer bee. Your grab misses the killer bee.
The killer bee is severely wounded.
You feel sick. The killer bee stings you.
* * * LOW HITPOINT WARNING * * *
You are lethally poisoned!
The killer bee poisons you!
You miss the killer bee. Your grab misses the killer bee.
Your squeeze misses the killer bee.
The killer bee is severely wounded.
* * * LOW HITPOINT WARNING * * *
You feel very sick. The killer bee barely misses you.
You hit the killer bee. Your grab misses the killer bee.
Your squeeze misses the killer bee.
The killer bee is almost dead.
* * * LOW HITPOINT WARNING * * *
You feel sick. The killer bee barely misses you. The killer bee stings you.
* * * LOW HITPOINT WARNING * * *
You puncture the killer bee!
You kill the killer bee!
Trog accepts your kill.
* * * LOW HITPOINT WARNING * * *
You feel very sick.
The killer bee stings you but does no damage.
You miss the killer bee. Your grab misses the killer bee.
The killer bee is heavily wounded.
* * * LOW HITPOINT WARNING * * *
You feel sick.
You puncture the killer bee!
You kill the killer bee!
Trog accepts your kill.
* * * LOW HITPOINT WARNING * * *
You feel sick.
You miss the killer bee. Your grab misses the killer bee.
You die...

#######+# #........
#........ #.....?..
##....############........
.....##..##..##..#....#
.....+...........#....#
[....#..........@yy...#
.....##..#########y...#
...>..#..## ......#
......#...# ......#
......#...# .......#
......#...+ .......#
......'...# ........#
......#...# ...(.'
......#+###


You could see 3 killer bees.

Vanquished Creatures
  A black bear (D:4)
  An ogre (D:4)
  2 killer bees (D:5)
  2 orc priests (D:3)
  A hound (D:4)
  A hound skeleton (D:5)
  12 adders
  A howler monkey skeleton (D:4)
  2 adder skeletons (D:4)
  A worm (D:2)
  4 dart slugs
  10 orcs
  6 endoplasms
  5 giant cockroaches
  4 goblins
  5 hobgoblins
  9 jackals
  5 quokkas
  11 ball pythons
  4 bats
  A frilled lizard (D:2)
  10 kobolds
  5 rats
103 creatures vanquished.

Notes
Turn   | Place    | Note
-------+----------+-------------------------------------------
     0 | D:1      | ZARRMARR the Octopode Berserker began the quest for the
                  | Orb.
     0 | D:1      | Reached XP level 1. HP: 16/16 MP: 1/1
   251 | D:1      | Reached XP level 2. HP: 21/21 MP: 2/2
   361 | D:1      | Reached skill level 1 in Stealth
   364 | D:1      | Reached XP level 3. HP: 11/26 MP: 3/3
   365 | D:1      | Reached ** piety under Trog
   705 | D:1      | Found a faded altar of an unknown god.
  1516 | D:2      | Reached XP level 4. HP: 23/31 MP: 4/4
  2283 | D:3      | Found Ehyck's Book Shop.
  2349 | D:3      | Reached XP level 5. HP: 37/37 MP: 5/5
  2928 | D:3      | Reached XP level 6. HP: 35/43 MP: 6/6
  3216 | D:4      | Noticed a black bear
  3284 | D:4      | Killed a black bear
  3285 | D:4      | Reached *** piety under Trog
  3383 | D:4      | Reached skill level 1 in Shields
  3383 | D:4      | Reached XP level 7. HP: 49/49 MP: 7/7
  3498 | D:4      | Found a shimmering blue altar of Sif Muna.
  3904 | D:4      | Found a transporter.
  3917 | D:4      | Found a transporter.
  3917 | D:4      | Found a one-way gate to the infinite horrors of the Abyss.
  3917 | D:4      | Noticed nxtlvl's ghost (amateur DrBe)
  4089 | D:5      | Entered Level 5 of the Dungeon
  4270 | D:5      | Found a stormy altar of Qazlal.
  4271 | D:5      | Found a hide-covered altar of Uskayaw.
  4271 | D:5      | Found a bloodstained altar of Trog.
  4272 | D:5      | Found a broken altar of Ashenzari.
  4272 | D:5      | Found a hazy altar of Hepliaklqana.
  4385 | D:5      | HP: 2/73 [poisoned by a killer bee]
  4387 | D:5      | Succumbed to a killer bee's poison

Illustrated notes

Levels and vault maps discovered:
D:1:      lightli_arrival_statue_moat, layout_basic,
          dreamdust_ecumenical_altar_angels_and_demons, minmay_tromino_v7
D:2:      layout_basic, minmay_pentomino_pile
D:3:      layout_basic, serial_shops, shop, grunt_decor_one_mirror,
          minmay_snake_closets
D:4:      layout_cave_pools, nicolae_sif_muna_condensation,
          gammafunk_ghost_abyssal_escape
D:5:      layout_gridville, grunt_temple_overflow_open

Skill      XL: |  1  2  3  4  5  6 |
---------------+-------------------+-----
Stealth        | 1 2 3 4 |  4.8
Fighting       | 4 |  4.7
Short Blades   | 4 |  4.8
Dodging        | 4 |  4.7
Shields        | 1 |  1.9

Action                   |  1- 3 |  4- 6 |  7- 9 || total
-------------------------+-------+-------+-------++-------
Melee: Short sword       |    69 |    81 |    58 ||   208
       Constrict         |    25 |    19 |    12 ||    56
       Tentacles         |    12 |    17 |     4 ||    33
Throw: Boomerang         |       |     3 |       ||     3
Invok: Berserk           |     2 |     4 |     1 ||     7
  Use: Scroll            |     2 |     6 |       ||     8
 Stab: Sleeping          |     4 |    13 |     3 ||    20
       Distracted        |       |     1 |       ||     1
Armor: Skin              |     7 |     4 |     2 ||    13
Dodge: Dodged            |    63 |    48 |    42 ||   153
Block: Buckler           |       |       |     6 ||     6
